 Seeded DCSS version 0.29.1-15-g9cfb28693d (webtiles) character file.

Game seed: 10857144825223735191 (custom seed)

16483 McKennaii the Frost Mage (level 11, -25/74 HPs)
             Began as a Demigod Ice Elementalist on Feb 26, 2023.
             Annihilated by a death yak simulacrum (41 damage)
             ... on level 13 of the Dungeon.
             The game lasted 00:23:33 (14979 turns).

McKennaii the Frost Mage (DgIE)                    Turns: 14979, Time: 00:23:34

Health: -25/74     AC: 10    Str:  9    XL:     11   Next: 81%
Magic:  22/39      EV: 12    Int: 32    God:
Gold:   697        SH:  0    Dex: 17    Spells: 9/31 levels left

rFire   . . .      SeeInvis .   C - +2 spear (freeze)
rCold   . . .      Faith    .   (no shield)
rNeg    . . .      Spirit   .   J - +0 steam dragon scales
rPois   .          Reflect  .   (no helmet)
rElec   .          Harm     .   r - +0 cloak
rCorr   .          Rampage  .   v - +0 pair of gloves
Will    +....                   l - +2 pair of boots
Stlth   ++........              s - amulet of the acrobat
HPRegen 0.22/turn               x - ring of magical power
MPRegen 0.26/turn               D - ring of Ihimm {Wiz Int+3 Dex+3}

@: studying Polearms
A: high MP 1, forlorn, divine attributes
a: no special abilities


You were on level 13 of the Dungeon.
You visited 1 branch of the dungeon, and saw 15 of its levels.

You collected 823 gold pieces.
You spent 126 gold pieces at shops.

Inventory:

Hand Weapons
 d - the +8 whip "Snakebite" {venom, curare, rPois}
   (You took it off Amaemon on level 9 of the Dungeon)

   It poisons the flesh of those it strikes.
   It occasionally inflicts asphyxiating poison on those it strikes, dealing
   poison damage and causing slowness.
   rPois:     It protects you from poison.
 C - a +2 spear of freezing (weapon)
 G - the +8 hand axe of the Slime-mould {holy, Will+}
   (You found it on level 7 of the Dungeon)

   It has been blessed by the Shining One to cause great damage to the undead
   and demons.
   Will:      It increases your willpower.
Missiles
 z - 2 throwing nets
Armour
 l - a +2 pair of boots (worn)
 r - a +0 cloak (worn)
 v - a +0 pair of gloves (worn)
 J - +0 steam dragon scales (worn)
Jewellery
 s - an amulet of the acrobat (around neck)
 w - a ring of ice
 x - a ring of magical power (left hand)
 D - the ring of Ihimm (right hand) {Wiz Int+3 Dex+3}
   (You found it on level 6 of the Dungeon)

   [ring of wizardry]

   It improves your spell success rate.
   Int:       It affects your intelligence (+3).
   Dex:       It affects your dexterity (+3).
 F - a ring of positive energy
Wands
 o - a wand of paralysis (5)
 u - a wand of acid (6)
 E - a wand of flame (37)
 O - a wand of iceblast (4)
Scrolls
 a - a scroll of enchant armour
 e - 5 scrolls of butterflies
 f - 7 scrolls of poison
 k - 2 scrolls of immolation
 n - 4 scrolls of blinking
 q - 7 scrolls of teleportation
 t - a scroll of fear
 y - a scroll of vulnerability
 H - 2 scrolls of noise
 K - 3 scrolls of amnesia
 L - a scroll of enchant weapon
 N - 3 scrolls of silence
Potions
 b - a potion of magic
 c - 7 potions of heal wounds
 g - 5 potions of flight
 h - a potion of cancellation
 i - 4 potions of brilliance
 j - 2 potions of ambrosia
 m - a potion of might
 p - 8 potions of curing
 A - 2 potions of lignification {unknown}
 B - 3 potions of haste {unknown}
 I - 2 potions of attraction
 P - a potion of invisibility


   Skills:
 - Level 1.7 Dodging
 - Level 1.7 Stealth
 + Level 10.8 Spellcasting
 - Level 8.0 Conjurations
 + Level 12.1 Ice Magic
 * Level 1.8 Air Magic


You had 9 spell levels left.
You knew the following spells:

 Your Spells              Type           Power      Damage    Failure   Level
a - Freeze                Ice            100%       1d11      0%          1
b - Frozen Ramparts       Ice            100%       1d16      1%          3
c - Ozocubu's Armour      Ice            76%        N/A       1%          3
d - Hailstorm             Conj/Ice       70%        3d15      1%          4
e - Ozocubu's Refrigerat  Ice            38%        4d15      6%          7
f - Airstrike             Air            14%        2d(3-19)  5%          4

Your spell library contained the following spells:

 Spells                   Type           Power      Damage    Failure   Level
 Magic Dart               Conj           100%       1d8       1%          1
 Blink                    Tloc           34%        N/A       1%          2
 Call Imp                 Summ           17%        N/A       1%          2
 Ensorcelled Hibernation  Hex/Ice        100%       N/A       1%          2
 Mephitic Cloud           Conj/Pois/Air  38%        N/A       1%          3
 Freezing Cloud           Conj/Ice/Air   29%        6-21      1%          5
 Gell's Gravitas          Tloc           17%        N/A       3%          3
 Ignite Poison            Fire/Tmut/Pois 17%        N/A       3%          3
 Lesser Beckoning         Tloc           17%        N/A       3%          3
 Spider Form              Tmut/Pois      17%        N/A       3%          3
 Teleport Other           Tloc           17%        N/A       3%          3
 Lightning Bolt           Conj/Air       24%        1d40      4%          5
 Summon Lightning Spire   Summ/Air       23%        N/A       8%          4
 Anguish                  Hex/Necr       8%         N/A       12%         4
 Manifold Assault         Tloc           17%        N/A       30%         5
 Storm Form               Tmut/Air       11%        N/A       99%         7


Dungeon Overview and Level Annotations

Branches:
Dungeon (15/15)            Temple (0/1) D:6            Lair (0/5) D:8
    Orc (0/2) D:12
 Vaults: D:13-14     Depths: D:15

Shops:
D:6 ?:=   D:15 **:

Portals:
Trove: D:13 (give 3 potions of resistance)
Ice
Cave: D:13

Annotations:
D:12 2 transporters, Silencio's ghost, journeyman MiFi


Innate Abilities, Weirdness & Mutations

You have an increased reservoir of magic. (+10% MP)
You shall have no god before yourself.
Your divine heritage dramatically boosts your attributes as you level up.


Message History

Aim: a naga simulacrum (empty space bonus: 7/8)
The air twists around and strikes the naga simulacrum!
The naga simulacrum vaporises!
The death yak simulacrum misses you.
Unknown command.
Unknown command.
Casting: Airstrike (dangerous; 5% risk of failure)
Confirm with . or Enter, or press ? or * to list all spells.
Aiming: Airstrike (dangerous; 5% risk of failure)
Press: ? - help, Dir - move target, f - naga simulacrum
Aim: a naga simulacrum (empty space bonus: 8/8)
The air twists around and strikes the naga simulacrum!
The naga simulacrum vaporises!
The death yak simulacrum misses you.
Unknown command.
Unknown command.
Casting: Airstrike (dangerous; 5% risk of failure)
Confirm with . or Enter, or press ? or * to list all spells.
Aiming: Airstrike (dangerous; 5% risk of failure)
Press: ? - help, Dir - move target, f - naga simulacrum
Aim: a naga simulacrum (empty space bonus: 8/8)
The air twists around and strikes the naga simulacrum!!
The naga simulacrum vaporises!
Unknown command.
You hit the death yak simulacrum but do no damage.
The death yak simulacrum gores you! The death yak simulacrum freezes you!!!
* * * LOW HITPOINT WARNING * * *
Unknown command.
Casting: Airstrike (dangerous; 5% risk of failure)
Confirm with . or Enter, or press ? or * to list all spells.
Aiming: Airstrike (dangerous; 5% risk of failure)
Press: ? - help, Dir - move target, f - death yak simulacrum
Aim: a death yak simulacrum (empty space bonus: 3/8)
The air twists around and strikes the death yak simulacrum.
The death yak simulacrum is lightly damaged.
The death yak simulacrum gores you.
* * * LOW HITPOINT WARNING * * *
The death yak simulacrum freezes you!!!
Ouch! That really hurt!
You die...

*,,,,,*
####............#.
*,,,,,*
#..'............#.
*,,,,,*
#.##..[.........##
*,,,,,*
#.##.^......(...#
*,,...***
#.##............#*
*,......*
#.#+............#*
*,..(...*
#.##............#*
***#....#
#.##...)...#####**
#....####@####.###.#
*
##...!.[.#Z#.!#,*,,,*
*
#.....∩.......###.***
**
#....?.(.°........,*
*,
#......°....#.####**
*, #......)[...+.# *,
#...........#*# *,
#...........# *,
#..!........# **


You could see a death yak simulacrum.

Vanquished Creatures
  A boulder beetle (D:11)
  A two-headed ogre (D:9)
  Amaemon (D:9)
  Pikel (D:8)
  The ghost of Peloso the Covered, a novice MiFi (D:6)
  A manticore (D:12)
  2 slime creatures (D:11)
  Joseph (D:7)
  Maggie (D:7)
  A gargoyle (D:13)
  An unseen horror (D:6)
  An orange demon (D:9)
  A kobold demonologist (D:10)
  2 komodo dragons (D:12)
  A merfolk (shapeshifter) (D:15)
  A hornet (D:11)
  Sigmund (D:3)
  A vampire (D:11)
  2 wraiths
  Grum (D:9)
  23 yaks
  3 steam dragons
  7 vampire mosquitoes
  Menkaure (D:5)
  An acid dragon (D:12)
  A water moccasin (D:8)
  5 orc warriors
  A black bear (D:7)
  A sky beast (D:7)
  4 centaurs
  4 wolves (D:9)
  3 ogres
  2 phantoms (D:5)
  A kobold brigand (D:8)
  A scorpion (D:5)
  5 bullfrogs
  4 necrophages
  A wyvern zombie (D:6)
  A cane toad simulacrum (D:13)
  2 two-headed ogre simulacra (D:13)
  11 wights
  3 killer bees (D:9)
  2 centaur zombies (D:6)
  2 howler monkeys (D:10)
  6 orc priests
  2 hounds
  4 jellies
  Crazy Yiuf (D:3)
  2 gnoll boudas
  A human zombie (D:6)
  5 iguanas
  8 orc wizards
  A spriggan simulacrum (D:13)
  2 killer bee zombies (D:6)
  A mummy (D:6)
  A howler monkey zombie (D:6)
  12 gnolls
  3 naga simulacra (D:13)
  8 adders
  A shadow imp (D:6)
  A white imp (D:6)
  2 ufetubi
  A worm (D:3)
  2 dart slugs (D:2)
  42 orcs
  7 endoplasms
  4 giant cockroaches
  2 goblins
  4 hobgoblins
  3 quokkas (D:1)
  4 ball pythons
  4 bats (D:3)
  3 frilled lizards
  9 kobolds
  5 rats
263 creatures vanquished.

Vanquished Creatures (others)
  A gnoll sergeant (D:9)
  5 plants (D:9)
6 creatures vanquished.

Grand Total: 269 creatures vanquished

Notes
Turn   | Place    | Note
-------+----------+-------------------------------------------
     0 | D:1      | McKennaii the Demigod Ice Elementalist began the quest for
                  | the Orb.
     0 | D:1      | Reached XP level 1. HP: 14/14 MP: 5/5
   922 | D:1      | Reached XP level 2. HP: 20/20 MP: 5/7
  1256 | D:2      | Reached skill level 4 in Ice Magic
  1367 | D:2      | Reached XP level 3. HP: 7/26 MP: 4/9
  1570 | D:2      | Identified the +0 robe of the Desert {rCorr Dex+3}
  2101 | D:3      | Reached XP level 4. HP: 19/33 MP: 8/11
  2561 | D:3      | Noticed Sigmund
  2569 | D:3      | Learned a level 3 spell: Frozen Ramparts
  2573 | D:3      | Learned a level 3 spell: Ozocubu's Armour
  2595 | D:3      | Killed Sigmund
  2596 | D:3      | Reached skill level 5 in Ice Magic
  2596 | D:3      | Reached XP level 5. HP: 26/38 MP: 0/14
  2875 | D:3      | Found a runed translucent door.
  2876 | D:3      | Noticed Crazy Yiuf
  3081 | D:3      | Killed Crazy Yiuf
  3239 | D:4      | Reached XP level 6. HP: 41/45 MP: 11/15
  3371 | D:4      | Learned a level 4 spell: Hailstorm
  4236 | D:5      | Entered Level 5 of the Dungeon
  4246 | D:5      | Reached skill level 6 in Ice Magic
  4369 | D:5      | Reached XP level 7. HP: 50/50 MP: 5/17
  4517 | D:5      | Reached skill level 5 in Spellcasting
  4650 | D:5      | Reached skill level 1 in Conjurations
  4828 | D:5      | Noticed Menkaure
  4837 | D:5      | Killed Menkaure
  5159 | D:5      | Reached skill level 7 in Ice Magic
  5163 | D:5      | Reached XP level 8. HP: 5/55 MP: 10/20
  6119 | D:6      | Identified the ring of Ihimm {Wiz Int+3 Dex+3}
  6129 | D:6      | Found Kiothi's Jewellery Emporium.
  6149 | D:6      | Found Otem's Vocational Training.
  6329 | D:6      | Found Zueh Yna's Magic Scroll Boutique.
  6332 | D:6      | Bought a scroll of blinking for 90 gold pieces
  6332 | D:6      | Bought a scroll of teleportation for 36 gold pieces
  7251 | D:6      | Found a transporter.
  7254 | D:6      | Noticed Peloso's ghost (novice MiFi)
  7326 | D:6      | Found a transporter.
  7450 | D:6      | Reached skill level 8 in Ice Magic
  7504 | D:6      | Found a staircase to the Ecumenical Temple.
  7693 | D:7      | Identified the +8 hand axe of the Slime-mould {holy, Will+}
  7979 | D:7      | Reached XP level 9. HP: 62/62 MP: 23/23
  8181 | D:7      | Reached skill level 5 in Conjurations
  8366 | D:7      | Noticed Maggie
  8376 | D:7      | Killed Maggie
  8614 | D:7      | Noticed Joseph
  8617 | D:7      | Killed Joseph
  8924 | D:8      | Found a staircase to the Lair.
  9359 | D:9      | Noticed Pikel
  9369 | D:8      | Killed Pikel
  9370 | D:8      | Reached skill level 9 in Ice Magic
  9546 | D:9      | Noticed a two-headed ogre
  9554 | D:9      | Killed a two-headed ogre
  9555 | D:9      | Reached XP level 10. HP: 69/69 MP: 21/26
 10223 | D:9      | Noticed Amaemon
 10231 | D:9      | Killed Amaemon
 10357 | D:9      | Reached skill level 10 in Ice Magic
 10476 | D:9      | Noticed Grum
 10482 | D:9      | Killed Grum
 11035 | D:10     | Entered Level 10 of the Dungeon
 11113 | D:10     | Reached XP level 11. HP: 73/74 MP: 21/28
 11763 | D:10     | Reached skill level 11 in Ice Magic
 12353 | D:11     | Noticed a boulder beetle
 12370 | D:11     | Killed a boulder beetle
 12371 | D:11     | Reached skill level 10 in Spellcasting
 13185 | D:12     | Found a staircase to the Orcish Mines.
 13667 | D:12     | Found a transporter.
 13667 | D:12     | Noticed a two-headed ogre
 13669 | D:12     | Noticed a tengu warrior
 13669 | D:12     | Noticed a two-headed ogre
 13670 | D:12     | Noticed an orc knight
 13680 | D:12     | Noticed Silencio's ghost (journeyman MiFi)
 13681 | D:12     | Noticed a two-headed ogre
 14082 | D:6      | Killed Peloso's ghost
 14083 | D:6      | Reached skill level 12 in Ice Magic
 14486 | D:12     | Found a transporter.
 14666 | D:13     | Learned a level 7 spell: Ozocubu's Refrigeration
 14671 | D:13     | Learned a level 4 spell: Airstrike
 14679 | D:13     | Identified the +0 robe of Untruth {rCorr Stlth+}
 14697 | D:13     | You fall into a shaft and drop 2 floors!
 14697 | D:15     | Entered Level 15 of the Dungeon
 14702 | D:15     | Found Tyischo's Book Shoppe.
 14741 | D:15     | Noticed a centaur warrior
 14765 | D:15     | Found Egibupev's Assorted Antiques.
 14864 | D:15     | Noticed a centaur warrior
 14868 | D:15     | Found Jeupniaq's Assorted Antiques.
 14919 | D:13     | Reached skill level 1 in Air Magic
 14931 | D:13     | Found a portal to a secret trove of treasure.
 14952 | D:13     | Found a frozen archway.
 14953 | D:13     | Noticed a six-headed hydra
 14979 | D:13     | Annihilated by a death yak simulacrum

Illustrated notes

Levels and vault maps discovered:
D:1:      ncdulo_wetmaze, layout_loops_corners, st_stairs_7, solitary_fountain,
          grunt_decor_cap
D:2:      layout_basic, minmay_pentomino_t4
D:3:      layout_loops_cross, minivault_4, uniq_crazy_yiuf_cottage, uniq_sigmund
D:4:      layout_cave_pools
D:5:      layout_loops_ring, minmay_manual_mandibuliform, uniq_menkaure
D:6:      layout_basic, lemuel_mausoleum_altar_kikubaaqudgha,
          minmay_temple_entry_statues_fountains, gammafunk_ghost_arena,
          serial_shops, kennysheep_mini_moat, shop, nicolae_shop_vocational
D:7:      layout_loops_ring, uniq_maggie, uniq_joseph
D:8:      layout_gridville, dpeg_oklobed_lair, corexii_leaking_fountain
D:9:      layout_basic, abandoned_shop, nicolae_zen_rock_garden, uniq_pikel,
          uniq_grum, uniq_amaemon
D:10:     layout_gridville
D:11:     layout_rooms, chequers_serial_rivers_micro_b, minivault_22
D:12:     layout_basic, david_orc_5, gammafunk_ghost_wrathful_warriors
D:13:     layout_basic, nicolae_trove_entry_free_sample,
          portal_ice_cave_entry_ice_simulacra, hellmonk_ghost_happy_afterlife,
          hellmonk_guarded_unrand_salamander
D:14:     layout_stronghold, grunt_vaults_entry_fortified,
          nzn_wu_jian_council_hall, lemuel_zombie_altar_yredelemnul
D:15:     hangedman_depths_entry_try_elsewhere_first, layout_irregular_city,
          serial_column_ruins, column_ruins_hut, column_ruins_open_tiny,
          column_ruins_open_medium, column_ruins_open_small,
          column_ruins_columns_straight, serial_shops, shop,
          nicolae_diamond_shop, shop, nicolae_square_shop, shop,
          minmay_more_statues

Skill      XL: |  1  2  3  4  5  6  7  8  9 10 11 |
---------------+----------------------------------+-----
Spellcasting   | 2 3 4 5 6 8 9 10 | 10.8
Ice Magic      | 4 5 6 7 8 9 10 12 | 12.1
Conjurations   | 2 4 6 8 |  8.0
Air Magic      | 1 |  1.8
Dodging        | |  1.7
Stealth        | |  1.7

Action                   |  1- 3 |  4- 6 |  7- 9 | 10-12 || total
-------------------------+-------+-------+-------+-------++-------
Melee: Unarmed           |    11 |     8 |    41 |       ||    60
       Flail             |       |       |     5 |       ||     5
       Spear             |       |       |   186 |   123 ||   309
       Punch             |       |       |       |     3 ||     3
 Cast: Freeze            |    51 |    64 |    79 |    23 ||   217
       Frozen Ramparts   |       |     7 |    34 |    30 ||    71
       Ozocubu's Armour  |       |     6 |    20 |    19 ||    45
       Hailstorm         |       |       |    19 |    76 ||    95
       Airstrike         |       |       |       |    11 ||    11
Evoke: Wand              |       |       |     3 |     3 ||     6
  Use: Potion            |     1 |       |     1 |     1 ||     3
       Scroll            |       |       |    14 |     8 ||    22
 Stab: Sleeping          |       |       |     1 |     1 ||     2
Armor: Robe              |     5 |     5 |       |       ||    10
       Leather armour    |       |    12 |   125 |       ||   137
       Steam dragon scal |       |       |    17 |    73 ||    90
Dodge: Dodged            |    28 |    41 |   186 |   140 ||   395
